[Event "ICC tourney 1982 (45 10)"]
[Site "Internet Chess Club"]
[Date "2020.08.29"]
[Round "1"]
[White "HeJustin"]
[Black "Jeffchess"]
[Result "0-1"]
[ICCResult "White checkmated"]
[WhiteElo "1575"]
[BlackElo "1393"]
[Opening "Caro-Masi defense"]
[ECO "B12"]
[NIC "CK.01"]
[Time "11:02:21"]
[TimeControl "2700+10"]

1. e4 c6 2. d4 Nf6 3. Nc3 e6 4. Nf3 Bb4 5. e5 Nd5 6. Bd2 Nxc3 7. Bxc3 Qa5 8.
Qd2 Bxc3 9. Qxc3 Qxc3+ 10. bxc3 O-O 11. Bd3 f5 12. exf6 Rxf6 13. Kd2 d5 14.
Rhf1 Nd7 15. Rae1 Nf8 16. Ne5 Bd7 17. f4 Re8 18. g4 Rh6 19. Re2 g6 20. Ref2
Kg7 21. g5 Rh3 22. Ng4 b5 23. Nf6 Re7 24. Rg1 h5 25. gxh6+ Kxf6 26. Rg3 Rxh6
27. Rfg2 Reh7 28. h4 Be8 29. Rg4 Rxh4 30. Rxh4 Rxh4 31. Rf2 Nd7 32. Ke3 Rh3+
33. Rf3 Rxf3+ 34. Kxf3 Nb6 35. Kg4 Na4 36. a3 Nxc3 37. Kf3 a5 38. Ke3 b4 39.
axb4 axb4 40. Kf3 Nb5 41. Ke3 Nd6 42. Kf3 Nf5 43. Kg4 Nxd4 44. Kg3 c5 45.
Kf2 c4 46. Be2 Nxc2 47. Bd1 b3 48. Ke2 Kf5 49. Kd2 Ba4 50. Bxc2+ bxc2 51.
Kc1 Ke4 52. Kb2 Kd3 53. Kc1 Bb3 54. Kb2 Kd2 55. Ka3 Kc3 56. f5 c1=B#
{White checkmated}
0-1

[Event "ICC tourney 1982 (45 10)"]
[Site "Internet Chess Club"]
[Date "2020.08.29"]
[Round "1"]
[White "uhm44"]
[Black "randyj"]
[Result "1-0"]
[ICCResult "Black resigns"]
[WhiteElo "1591"]
[BlackElo "1582"]
[Opening "Grünfeld: exchange variation"]
[ECO "D85"]
[NIC "GI.04"]
[Time "11:06:10"]
[TimeControl "2700+10"]

1. d4 Nf6 2. c4 g6 3. Nc3 d5 4. cxd5 Nxd5 5. e4 Nxc3 6. bxc3 Bg7 7. Be3 c5
8. Nf3 Nc6 9. Be2 O-O 10. Rc1 Bg4 11. d5 Bxf3 12. Bxf3 Ne5 13. Be2 Qa5 14.
Qd2 Rfd8 15. h4 c4 16. h5 e6 17. hxg6 exd5 18. gxh7+ Kh8 19. Bh6 dxe4 20.
Bxg7+ Kxg7 21. Qg5+ {Black resigns} 1-0

[Event "ICC tourney 1982 (45 10)"]
[Site "Internet Chess Club"]
[Date "2020.08.29"]
[Round "1"]
[White "BillietheKid"]
[Black "ivangoponenko"]
[Result "1-0"]
[ICCResult "Black resigns"]
[WhiteElo "1653"]
[BlackElo "1410"]
[Opening "Ruy Lopez: Anderssen variation"]
[ECO "C65"]
[NIC "RL.07"]
[Time "11:02:20"]
[TimeControl "2700+10"]

1. e4 e5 2. Nf3 Nc6 3. Bb5 Nf6 4. d3 a6 5. Ba4 Bc5 6. c3 b5 7. Bb3 d5 8.
exd5 Nxd5 9. O-O O-O 10. d4 exd4 11. cxd4 Bb6 12. Nc3 Nf6 13. d5 Ne7 14. Bg5
Qd6 15. Bxf6 Qxf6 16. Rb1 Bf5 17. Rc1 Rfd8 18. Qd2 c6 19. Qf4 Nxd5 20. Nxd5
cxd5 21. Rfd1 d4 22. Ne5 Be6 23. Qxf6 gxf6 24. Nc6 Rd6 25. Bxe6 fxe6 26.
Ne7+ Kf7 27. Nc8 Rxc8 28. Rxc8 e5 29. Kf1 e4 30. Rdc1 Rd5 31. b4 d3 32. R8c6
Bd4 33. Rxa6 d2 34. Rd1 Bc3 35. a3 f5 36. Ke2 f4 37. Ra7+ Kg6 38. Re7 Kf5
39. Rxh7 f3+ 40. gxf3 exf3+ 41. Kxf3 Re5 42. Rh5+ Kf6 43. Rxe5 Kxe5 44. Ke3
Kf5 45. Kd3 Bb2 46. Rxd2 Bxa3 47. Kc3 Ke4 48. Rc2 Kf3 49. Kb3 Bxb4 50. Kxb4
{Black resigns}
1-0

[Event "ICC tourney 1982 (45 10)"]
[Site "Internet Chess Club"]
[Date "2020.08.29"]
[Round "1"]
[White "stephenwilly"]
[Black "wicked"]
[Result "0-1"]
[ICCResult "White checkmated"]
[WhiteElo "1135"]
[BlackElo "1517"]
[Opening "King's pawn game"]
[ECO "C50"]
[NIC "IG.03"]
[Time "11:02:19"]
[TimeControl "2700+10"]

1. e4 e5 2. Nf3 Nc6 3. Bc4 d6 4. Nc3 Na5 5. Bb3 Nxb3 6. axb3 Be7 7. d4 exd4
8. Nxd4 Nf6 9. Be3 O-O 10. O-O Be6 11. Nxe6 fxe6 12. Qe2 e5 13. Nb5 a6 14.
Nc3 Kh8 15. Rfd1 Qc8 16. f3 Qe6 17. Kh1 h6 18. Nb1 Nh7 19. Nd2 Bg5 20. Nf1
Rad8 21. Bxg5 Nxg5 22. Ne3 Rd7 23. Ra5 Rfd8 24. Nd5 Qf7 25. Rf1 Ne6 26. c3
Nf4 27. Nxf4 Qxf4 28. g3 Qf7 29. f4 Rf8 30. Raa1 Qxb3 31. fxe5 Rxf1+ 32.
Rxf1 dxe5 33. Qh5 Qe6 34. Rf5 Re7 35. g4 Kg8 36. Qh4 Rf7 37. Rh5 Qc4 38. Qh3
Rf1+ 39. Kg2 Qe2+ 40. Kg3 Rf3+ 41. Kh4 Rxh3+ 42. Kxh3 Qxe4 43. Rf5 g6 44.
Rf6 Kg7 45. Re6 Kf7 46. Rxg6 Kxg6 47. Kh4 Qe2 48. Kh3 h5 49. gxh5+ Kxh5 50.
Kg3 Qxb2 51. h4 Qxc3+ 52. Kh2 Kxh4 53. Kg2 Qe3 54. Kf1 Qd2 55. Kg1 Qe2 56.
Kh1 Kh3 57. Kg1 Qg2# {White checkmated} 0-1

[Event "ICC tourney 1982 (45 10)"]
[Site "Internet Chess Club"]
[Date "2020.08.29"]
[Round "1"]
[White "tortorchess"]
[Black "jacobsperber"]
[Result "0-1"]
[ICCResult "White checkmated"]
[WhiteElo "1440"]
[BlackElo "776"]
[Opening "Queen's pawn game"]
[ECO "D00"]
[NIC "QP.07"]
[Time "11:02:19"]
[TimeControl "2700+10"]

1. d4 Nf6 2. Nc3 d5 3. Bf4 c6 4. e3 e6 5. Bd3 Bd6 6. Bxd6 Qxd6 7. Nf3 O-O 8.
O-O Nbd7 9. h3 e5 10. dxe5 Nxe5 11. Nxe5 Qxe5 12. Qe2 Bf5 13. Rfe1 Rfe8 14.
Rad1 Rad8 15. Qf3 Bd7 16. e4 d4 17. Ne2 c5 18. c3 Bc6 19. cxd4 cxd4 20. Ng3
g6 21. Bc4 Re7 22. Qb3 Nd7 23. Qc2 Nc5 24. Qd2 Qf6 25. Qb4 Nxe4 26. Nxe4
Rxe4 27. Rxe4 Bxe4 28. Re1 Bc6 29. Qb3 a6 30. Rc1 Qg5 31. Bxf7+ Kh8 32. Rxc6
bxc6 33. Qe6 Rf8 34. h4 Qc1+ 35. Kh2 Qf4+ 36. Kh1 Qxf7 37. Qe5+ Qf6 38. Qc5
Qxh4+ 39. Kg1 Qxf2+ 40. Kh1 Rf5 41. Qxf5 Qxf5 42. Kh2 d3 43. Kh1 d2 44. Kh2
d1=R 45. b3 Qf4+ 46. Kh3 Rh1# {White checkmated} 0-1

[Event "ICC tourney 1982 (45 10)"]
[Site "Internet Chess Club"]
[Date "2020.08.29"]
[Round "1"]
[White "vvguys"]
[Black "TheJaguar2"]
[Result "0-1"]
[ICCResult "White resigns"]
[WhiteElo "1591"]
[BlackElo "1421"]
[Opening "Queen's pawn: London system"]
[ECO "A45"]
[NIC "QP.07"]
[Time "11:02:14"]
[TimeControl "2700+10"]

1. d4 Nf6 2. Bf4 d6 3. Nf3 g6 4. Nc3 Bf5 5. e3 Bg7 6. Bd3 Bxd3 7. Qxd3 O-O
8. O-O Nbd7 9. e4 c5 10. dxc5 Nxc5 11. Qe3 Ng4 12. Qd2 Bxc3 13. Qxc3 e5 14.
Bxe5 Nxe5 15. Nxe5 Nxe4 16. Qe3 dxe5 17. Qxe4 Qc7 18. c3 Rad8 19. Rad1 f5
20. Qc2 e4 21. Rfe1 b5 22. a3 a6 23. a4 b4 24. Qb3+ Kg7 25. Qxb4 Rxd1 26.
Rxd1 Rb8 27. Qd4+ Kh6 28. b4 Rc8 29. Qe3+ Kg7 30. Rc1 Qc4 31. g3 Qd3 32.
Qxd3 exd3 33. Kf1 d2 34. Rd1 Rxc3 35. Rxd2 Ra3 36. a5 Rb3 37. Rd6 Rxb4 38.
Rxa6 Ra4 39. Ra7+ Kg8 40. a6 Ra2 41. Ra8+ Kg7 42. a7 g5 43. h3 h5 44. Kg2 g4
45. hxg4 hxg4 46. Kf1 Ra3 47. Ke2 Ra2+ 48. Kd3 Ra4 49. Kc3 Ra1 50. Kd4 Ra5
51. Kd3 Ra4 52. Ke2 Ra3 53. Kd2 Ra2+ 54. Ke3 Ra4 55. Kd3 Ra3+ 56. Kd4 Ra5
57. Kc4 Ra1 58. Kd5 Ra5+ 59. Ke6 Kh7 60. Kf6 Ra2 61. Kxf5 Rxf2+ 62. Kxg4 Ra2
63. Kh4 Ra6 64. g4 Rh6+ 65. Kg5 Ra6 66. Kf5 Ra5+ 67. Kf4 Ra4+ 68. Kg3 Ra6
69. g5 Ra4 70. Kh3 Kg7 71. Kg3 Kh7 72. g6+ Kg7 73. Rh8 Kxh8 74. Kf3 Rxa7
{White resigns}
0-1

[Event "ICC tourney 1982 (45 10)"]
[Site "Internet Chess Club"]
[Date "2020.08.29"]
[Round "1"]
[White "stgummadi"]
[Black "weakfish"]
[Result "0-1"]
[ICCResult "White resigns"]
[WhiteElo "1406"]
[BlackElo "1647"]
[Opening "Caro-Kann: advance variation"]
[ECO "B12"]
[NIC "CK.04"]
[Time "11:02:16"]
[TimeControl "2700+10"]

1. e4 c6 2. d4 d5 3. e5 Bf5 4. b3 e6 5. Bb2 Bb4+ 6. c3 Be7 7. Nf3 h6 8. Bd3
Bxd3 9. Qxd3 Nd7 10. O-O Qc7 11. b4 Nb6 12. Nbd2 g5 13. h3 h5 14. Nh2 Nh6
15. Qf3 Nf5 16. g4 hxg4 17. hxg4 Nh4 18. Qg3 O-O-O 19. Ndf3 Rdg8 20. Nxh4
gxh4 21. Qh3 Qd8 22. f3 Nc4 23. Rab1 Nd2 24. Kf2 Nxb1 25. Rxb1 Bg5 26. Rg1
f6 27. Rf1 fxe5 28. dxe5 Qb6+ 29. Kg2 Qe3 30. f4 Bxf4 31. Qxe3 Bxe3 32. Rf6
Kd7 33. Kf3 Bg5 34. Rf7+ Be7 35. Kf4 Rf8 36. Rxf8 Rxf8+ 37. Ke3 Bg5+ 38. Ke2
Bf4 39. Nf3 h3 40. Kf2 h2 41. Kg2 Rh8 {White resigns} 0-1

[Event "ICC tourney 1982 (45 10)"]
[Site "Internet Chess Club"]
[Date "2020.08.29"]
[Round "1"]
[White "JavierDix"]
[Black "Ananya22609"]
[Result "0-1"]
[ICCResult "White resigns"]
[WhiteElo "1387"]
[BlackElo "1661"]
[Opening "Queen's bishop game"]
[ECO "D02"]
[NIC "QP.08"]
[Time "11:02:25"]
[TimeControl "2700+10"]

1. d4 d5 2. Nf3 Nf6 3. Bf4 c5 4. c3 Nc6 5. e3 Qb6 6. Na3 c4 7. b3 e6 8. b4
Nxb4 9. Rb1 Qa5 10. Nxc4 dxc4 11. cxb4 Bxb4+ 12. Rxb4 Qxb4+ 13. Qd2 c3 14.
Qc2 Bd7 15. Bd3 Ba4 16. Qc1 c2+ 17. Nd2 Qc3 18. Bc4 Ne4 19. Bb3 Bxb3 20.
axb3 Nxd2 {White resigns} 0-1

[Event "ICC tourney 1982 (45 10)"]
[Site "Internet Chess Club"]
[Date "2020.08.29"]
[Round "1"]
[White "miyzhang"]
[Black "Luc2008"]
[Result "1-0"]
[ICCResult "Black checkmated"]
[WhiteElo "1306"]
[BlackElo "1571"]
[Opening "Scandinavian (center counter) defense"]
[ECO "B01"]
[NIC "SD.01"]
[Time "11:02:28"]
[TimeControl "2700+10"]

1. e4 d5 2. exd5 Qxd5 3. Nc3 Qa5 4. d4 Nf6 5. Bc4 c6 6. a4 Bf5 7. Nf3 e6 8.
O-O Nbd7 9. Bd2 Bb4 10. Re1 O-O 11. h3 Rad8 12. Qe2 Bxc2 13. Ne5 Bg6 14.
Nxg6 hxg6 15. Bb3 Nb6 16. Qd3 c5 17. Qc2 cxd4 18. Ne4 Nxe4 19. Bxb4 Qxb4 20.
Rxe4 d3 21. Rxb4 dxc2 22. Bxc2 Rd2 23. Be4 Rc8 24. Bxb7 Rcc2 25. a5 Nd5 26.
Bxd5 exd5 27. Re1 Rxf2 28. Re8+ Kh7 29. Rh4# {Black checkmated} 1-0

[Event "ICC tourney 1982 (45 10)"]
[Site "Internet Chess Club"]
[Date "2020.08.29"]
[Round "1"]
[White "rcstinson"]
[Black "ruhanv"]
[Result "1/2-1/2"]
[ICCResult "Game drawn because neither player has mating material"]
[WhiteElo "1445"]
[BlackElo "953"]
[Opening "Queen's pawn: stonewall attack"]
[ECO "D00"]
[NIC "QP.08"]
[Time "11:02:20"]
[TimeControl "2700+10"]

1. d4 d5 2. e3 Nf6 3. Bd3 c5 4. c3 Nc6 5. Nd2 e6 6. f4 Nd7 7. Ngf3 f6 8. Qc2
g6 9. b3 Qe7 10. Ba3 Kd8 11. O-O-O Qf7 12. Bb2 a6 13. h4 b5 14. dxc5 Bxc5
15. Nd4 Bxd4 16. exd4 Bb7 17. h5 gxh5 18. Be2 Nxd4 19. cxd4 Rc8 20. Bc3 b4
21. Bxh5 Qe7 22. Nb1 bxc3 23. Rd3 Qb4 24. Rxc3 Qxd4 25. Rxc8+ Bxc8 26. Qd2
Qc5+ 27. Qc3 Ke7 28. Qxc5+ Nxc5 29. Bg6 Kf8 30. Rxh7 Rxh7 31. Bxh7 f5 32.
Bg6 Kg7 33. Bh5 Nd3+ 34. Kd2 Nxf4 35. Bf3 e5 36. g3 Ne6 37. Bxd5 Kf6 38. Nc3
a5 39. a3 Bd7 40. b4 axb4 41. axb4 Nc7 42. Bc4 Bc6 43. b5 Bb7 44. b6 Na6 45.
Nd5+ Bxd5 46. Bxa6 Kg5 47. b7 Bxb7 48. Bxb7 Kg4 49. Bc8 Kxg3 50. Bxf5 Kf4
51. Bc2 e4 52. Bxe4 {Game drawn because neither player has mating material}
1/2-1/2

[Event "ICC tourney 1982 (45 10)"]
[Site "Internet Chess Club"]
[Date "2020.08.29"]
[Round "1"]
[White "VirginiaGuy"]
[Black "wulovechess"]
[Result "0-1"]
[ICCResult "White resigns"]
[WhiteElo "1364"]
[BlackElo "1054"]
[Opening "Queen's pawn game"]
[ECO "D04"]
[NIC "QP.08"]
[Time "11:03:04"]
[TimeControl "2700+10"]

1. d4 d5 2. Nf3 Nf6 3. e3 Nc6 4. Bd3 Bg4 5. c4 e6 6. Nc3 Nb4 7. Bb1 dxc4 8.
a3 Nbd5 9. Qa4+ c6 10. Qxc4 Bxf3 11. gxf3 Bd6 12. e4 Nb6 13. Qd3 e5 14. d5
cxd5 15. exd5 Nfxd5 16. Nxd5 Nxd5 17. O-O Nf6 18. Bg5 Qd7 19. Rd1 Rd8 20.
Qf5 Qxf5 21. Bxf5 h6 22. Be3 g6 23. Bd3 a6 24. Rac1 Nd5 25. Bd2 Nf4 26. Bxf4
exf4 27. Re1+ Kf8 28. Be4 b6 29. Rc6 Bc5 30. b4 Bd4 31. Rc7 Bb2 32. a4 Ba3
33. b5 axb5 34. axb5 Bd6 35. Rb7 Bc5 36. Ra1 Kg7 37. Raa7 Rhf8 38. Rd7 Rxd7
39. Rxd7 Kf6 40. Kf1 Ke6 41. Rd2 f5 42. Bd5+ Ke5 43. Bc6 g5 44. Rd5+ Ke6 45.
Rd7 h5 46. Rh7 h4 47. Rg7 Kf6 48. Rd7 g4 49. Rh7 h3 50. Rh6+ Kg5 51. Rh7 Rd8
52. Ke2 Kg6 53. Rd7 Rxd7 54. Bxd7 g3 55. Kf1 gxh2 {White resigns} 0-1

[Event "ICC tourney 1982 (45 10)"]
[Site "Internet Chess Club"]
[Date "2020.08.29"]
[Round "1"]
[White "handsomematch"]
[Black "msk2018"]
[Result "1-0"]
[ICCResult "Black resigns"]
[WhiteElo "1243"]
[BlackElo "1506"]
[Opening "Sicilian: Taimanov variation"]
[ECO "B48"]
[NIC "SI.40"]
[Time "11:03:10"]
[TimeControl "2700+10"]

1. e4 c5 2. Nf3 e6 3. d4 cxd4 4. Nxd4 Nc6 5. Nc3 Qc7 6. Be3 a6 7. Qd2 Nf6 8.
f3 Bd6 9. Ndb5 axb5 10. Nxb5 Qa5 11. Nxd6+ Ke7 12. Qxa5 Rxa5 13. Nc4 Ra8 14.
Bc5+ Ke8 15. Nd6+ Kf8 16. Nxc8+ Kg8 17. Nd6 b6 18. Bxb6 Nb4 19. Kd2 Rxa2 20.
Rxa2 Nxa2 21. Bc5 h6 22. Bc4 {Black resigns} 1-0

[Event "ICC tourney 1982 (45 10)"]
[Site "Internet Chess Club"]
[Date "2020.08.29"]
[Round "1"]
[White "WallyCleaver"]
[Black "BulbasaurMaster"]
[Result "0-1"]
[ICCResult "White resigns"]
[WhiteElo "1586"]
[BlackElo "1402"]
[Opening "Vienna gambit"]
[ECO "C34"]
[NIC "KG.02"]
[Time "11:02:16"]
[TimeControl "2700+10"]

1. e4 e5 2. f4 exf4 3. Nf3 Nc6 4. Nc3 Nf6 5. d4 Bb4 6. Bd3 d6 7. O-O O-O 8.
Bxf4 Bg4 9. Ne2 Re8 10. c3 Ba5 11. Qc2 h6 12. b4 Bb6 13. a4 a5 14. b5 Ne5
15. Nxe5 dxe5 16. Be3 Bxe2 17. Bxe2 exd4 18. Rad1 Rxe4 19. Bxd4 Bxd4+ 20.
cxd4 Rxd4 21. Kh1 Rxd1 22. Rxd1 Qe7 23. Bf3 Re8 24. h3 b6 25. Bc6 Rd8 26.
Rf1 Qb4 27. Rd1 Rxd1+ 28. Qxd1 Qd6 29. Qf3 Qd4 30. Qb3 Ne4 31. Bxe4 Qxe4 32.
Qc2 Qxc2 {White resigns} 0-1

[Event "ICC tourney 1982 (45 10)"]
[Site "Internet Chess Club"]
[Date "2020.08.29"]
[Round "1"]
[White "patriots12"]
[Black "TheDude865"]
[Result "0-1"]
[ICCResult "White checkmated"]
[WhiteElo "1300"]
[BlackElo "1224"]
[Opening "Scotch game"]
[ECO "C45"]
[NIC "SO.05"]
[Time "11:02:16"]
[TimeControl "2700+10"]

1. e4 e5 2. Nf3 Nc6 3. d4 exd4 4. Nxd4 Bc5 5. Nxc6 bxc6 6. Bc4 Nf6 7. Nc3 d6
8. h3 h6 9. Bf4 Be6 10. Bxe6 fxe6 11. Qe2 e5 12. Be3 Bb4 13. Bd2 a5 14. Qc4
Qd7 15. a3 d5 16. exd5 cxd5 17. Qd3 Bc5 18. Qg6+ Qf7 19. Qxf7+ Kxf7 20. Rd1
Rhf8 21. O-O Kg8 22. Rfe1 Nd7 23. Re2 c6 24. Kf1 Rf5 25. Na4 Ba7 26. Be3 d4
27. Bd2 Raf8 28. Bxa5 e4 29. Be1 e3 30. f3 Ne5 31. Kg1 c5 32. Bg3 Ng6 33. b3
Rg5 34. Kh2 Rxg3 35. Kxg3 Bb8+ 36. Kg4 Rf4+ 37. Kg3 Rf5+ 38. Kg4 Rg5#
{White checkmated}
0-1

[Event "ICC tourney 1982 (45 10)"]
[Site "Internet Chess Club"]
[Date "2020.08.29"]
[Round "1"]
[White "Deveshc"]
[Black "GPWKnight"]
[Result "1-0"]
[ICCResult "Black resigns"]
[WhiteElo "1384"]
[BlackElo "1542"]
[Opening "French: Tarrasch"]
[ECO "C03"]
[NIC "FR.07"]
[Time "11:02:27"]
[TimeControl "2700+10"]

1. e4 e6 2. d4 d5 3. Nd2 dxe4 4. Nxe4 Bd7 5. c3 Bc6 6. Ng3 Nd7 7. Nf3 Ngf6
8. Bd3 Be7 9. Bf4 Bxf3 10. Qxf3 c6 11. Ne4 Nxe4 12. Bxe4 Nf6 13. Bc2 O-O 14.
O-O Qd5 15. Qd3 g6 16. Be5 Ng4 17. Rfe1 Nxe5 18. Rxe5 Qd7 19. Rh5 Kg7 20.
Re1 Rh8 21. Rh3 Rad8 22. Qe3 Bf8 23. Qe5+ Kg8 24. Bb3 Bg7 25. Qf4 Qd6 26.
Qd2 c5 27. Qg5 cxd4 28. Rd3 h6 29. Qg4 Kh7 30. Red1 Rc8 31. cxd4 Rc7 32. Rg3
Rhc8 33. Rgd3 Rc1 34. Qf3 Qd7 35. h3 R1c7 36. d5 e5 37. d6 Rc6 38. Ba4 Re8
39. Bxc6 bxc6 40. Qg4 f5 41. Qc4 e4 42. R3d2 e3 43. fxe3 Rxe3 44. Rc2 Re4
45. Qxc6 Bd4+ 46. Kh1 Qe6 47. Qc7+ Kh8 48. Qc8+ {Black resigns} 1-0

[Event "ICC tourney 1982 (45 10)"]
[Site "Internet Chess Club"]
[Date "2020.08.29"]
[Round "1"]
[White "UltimateDL"]
[Black "QueenHM"]
[Result "1-0"]
[ICCResult "Black checkmated"]
[WhiteElo "1379"]
[BlackElo "1581"]
[Opening "Pirc: classical (two knights) system"]
[ECO "B08"]
[NIC "PU.10"]
[Time "11:02:25"]
[TimeControl "2700+10"]

1. e4 d6 2. d4 Nf6 3. Nc3 g6 4. Nf3 Bg7 5. Be3 O-O 6. Qd2 Ng4 7. Bf4 e5 8.
dxe5 dxe5 9. Qxd8 Rxd8 10. Bd2 Nc6 11. h3 Nf6 12. O-O-O Be6 13. Ng5 Nd4 14.
Be3 h6 15. Nxe6 Nxe6 16. Bc4 Nd4 17. f3 c6 18. Ne2 c5 19. c3 Nxe2+ 20. Bxe2
b6 21. Bc4 Bf8 22. Rhe1 Kg7 23. Bf2 Nd7 24. Bd5 Rab8 25. Bc6 Nf6 26. Bg3
Rbc8 27. Rxd8 Rxd8 28. Bxe5 Be7 29. Rd1 Rxd1+ 30. Kxd1 g5 31. Ke2 Bd8 32.
Kd3 Kg6 33. Bb8 a5 34. Bb5 Nh5 35. Be5 Nf4+ 36. Ke3 Nxg2+ 37. Kf2 Nh4 38.
Kg3 Kh7 39. Bc4 Kg6 40. Bb5 Kh7 41. Be8 Kg6 42. Bd7 Kh7 43. Bd6 Ng6 44. Bf5
Kg7 45. Bxg6 Kxg6 46. c4 f5 47. e5 a4 48. Kf2 h5 49. Ke3 Kf7 50. Kf2 Ke6 51.
Kg3 f4+ 52. Kf2 Kf5 53. Ke2 Ke6 54. Kd3 Kf5 55. Ke2 Ke6 56. Bb8 Kf5 57. Bd6
Ke6 58. b3 axb3 59. axb3 Kf5 60. Kd3 Ke6 61. Ke4 Kf7 62. Kf5 Ke8 63. e6 g4
64. hxg4 hxg4 65. Kxg4 Bf6 66. Kxf4 Bc3 67. Kg5 Bb4 68. f4 b5 69. cxb5 Ba5
70. Bxc5 Bd8+ 71. Kg6 Ba5 72. b4 Bd8 73. e7 Bc7 74. f5 Be5 75. f6 Bf4 76.
f7+ Kd7 77. e8=Q+ Kc7 78. Qc6+ Kb8 79. f8=Q# {Black checkmated} 1-0

[Event "ICC tourney 1982 (45 10)"]
[Site "Internet Chess Club"]
[Date "2020.08.29"]
[Round "1"]
[White "chess278"]
[Black "SukrutN"]
[Result "1/2-1/2"]
[ICCResult "Game drawn by mutual agreement"]
[WhiteElo "1510"]
[BlackElo "1160"]
[Opening "Polish (Sokolsky) opening"]
[ECO "A00"]
[NIC "VO.10"]
[Time "11:02:25"]
[TimeControl "2700+10"]

1. b4 d5 2. Bb2 Nf6 3. Nf3 Bg4 4. e3 e6 5. b5 Nbd7 6. Be2 Bd6 7. d4 O-O 8.
O-O Nb6 9. Nbd2 Rc8 10. c4 dxc4 11. Nxc4 Nxc4 12. Bxc4 Ne4 13. Rc1 Qf6 14.
Be2 Qh6 15. Ne5 Bxe2 16. Qxe2 f6 17. Nf3 g5 18. g3 Qg6 19. Rfd1 h5 20. Nd2
Nxd2 21. Rxd2 h4 22. Qc4 Rfe8 23. d5 e5 24. e4 Rf8 25. g4 Qe8 26. Rd3 Qd7
27. h3 Kg7 28. Ba3 Rf7 29. Bc5 Ra8 30. Ra3 Qe7 31. Bxd6 Qxd6 32. Rac3 a6 33.
bxa6 Rxa6 34. Qe2 c6 35. dxc6 Rxc6 36. Qc2 Rxc3 37. Qxc3 Qa6 38. Rc2 Qa4 39.
Qc4 Qa7 40. Rd2 Qa3 41. Rd3 Qa5 42. Rd1 b5 43. Qb3 Ra7 44. Rb1 Qxa2 45. Qxb5
{Game drawn by mutual agreement}
1/2-1/2

[Event "ICC tourney 1982 (45 10)"]
[Site "Internet Chess Club"]
[Date "2020.08.29"]
[Round "1"]
[White "sujay2010"]
[Black "vvguys2"]
[Result "1-0"]
[ICCResult "Black checkmated"]
[WhiteElo "1393"]
[BlackElo "1403"]
[Opening "Queen's pawn: London system"]
[ECO "A45"]
[NIC "QP.07"]
[Time "11:02:16"]
[TimeControl "2700+10"]

1. d4 Nf6 2. Bf4 c5 3. e3 e6 4. Bd3 g6 5. Nd2 cxd4 6. exd4 Bg7 7. c3 O-O 8.
Ngf3 Nc6 9. h3 d6 10. Bh2 e5 11. dxe5 dxe5 12. Bc2 Re8 13. Ne4 Nxe4 14. Bxe4
Qb6 15. Qb3 Qxb3 16. axb3 Be6 17. b4 Bc4 18. Nd2 Be6 19. O-O a6 20. Rfe1
Rad8 21. Rad1 Bf5 22. Kh1 Bxe4 23. Nxe4 Rxd1 24. Rxd1 Rd8 25. Rxd8+ Nxd8 26.
Nc5 f5 27. f3 Kf7 28. Kg1 Ke7 29. Kf2 Kd6 30. Ke3 Kd5 31. b3 Bf8 32. c4+ Kd6
33. Nd3 Bh6+ 34. Ke2 Nc6 35. b5 axb5 36. cxb5 Nd4+ 37. Kf2 f4 38. g3 g5 39.
h4 g4 40. fxg4 Nxb3 41. gxf4 exf4 42. g5 Bg7 43. Bxf4+ Kd5 44. Kg3 Nd4 45.
b6 Ne2+ 46. Kf3 Nxf4 47. Kxf4 Kc6 48. Kf5 Kxb6 49. Ke6 Kc6 50. Kf7 Bd4 51.
Kg8 h5 52. gxh6 Kd5 53. h7 Ke4 54. Nc5+ Kf4 55. Ne6+ Ke5 56. h8=Q+ Kxe6 57.
Qxd4 b5 58. Qc5 Kd7 59. Qb6 Kc8 60. Qa7 Kd8 61. Kf7 Kc8 62. Ke6 Kd8 63. Qd7#
{Black checkmated}
1-0

[Event "ICC tourney 1982 (45 10)"]
[Site "Internet Chess Club"]
[Date "2020.08.29"]
[Round "1"]
[White "Theutltl"]
[Black "Florina12345"]
[Result "1/2-1/2"]
[ICCResult "Game drawn by mutual agreement"]
[WhiteElo "998"]
[BlackElo "1427"]
[Opening "Giuoco Piano"]
[ECO "C54"]
[NIC "IG.02"]
[Time "11:02:22"]
[TimeControl "2700+10"]

1. e4 e5 2. Nf3 Nc6 3. Bc4 Bc5 4. c3 Nf6 5. d3 d6 6. b4 Bb6 7. O-O h6 8. a4
a6 9. Nbd2 O-O 10. h3 Be6 11. Re1 Qd7 12. Bxe6 fxe6 13. Nf1 Rae8 14. Be3 d5
15. Bxb6 cxb6 16. exd5 exd5 17. Qb3 Kh8 18. Ne3 d4 19. cxd4 Nxd4 20. Nxd4
exd4 21. Nc4 Qf7 22. Qb2 Qc7 23. Qxd4 b5 24. axb5 axb5 25. Qd6 Qxd6 26. Nxd6
Rd8 27. Nxb7 Rxd3 28. Nc5 Rd2 29. f3 Nd5 30. Rab1 Nf4 31. g4 Nxh3+ 32. Kh1
Nf2+ 33. Kg1 Rxf3 34. Nb3 Nh3+ 35. Kh1 Rdd3 36. Nc5 Rd4 37. Re8+ Kh7 38. Ne6
Rxg4 39. Nf8+ Kg8 40. Nd7+ Kh7 41. Nf8+ Rxf8 42. Rxf8 h5 43. Rf5 g6 44. Rxb5
Kh6 45. Rb6 h4 46. Ra6 Nf2+ 47. Kh2 Kh5 48. Ra5+ g5 49. Ra2 Ne4 50. b5 Nc3
51. b6 Nxb1 52. Rb2 Rf4 53. b7 Rf8 54. Rxb1 Rb8 55. Rb5 Kg4 56. Rb4+ Kf3 57.
Rb3+ Kf4 58. Rb4+ Kf5 59. Rb5+ Kf6 60. Rb6+ Kf7 61. Rb5 g4 62. Rb4 g3+ 63.
Kg2 {Game drawn by mutual agreement} 1/2-1/2

[Event "ICC tourney 1982 (45 10)"]
[Site "Internet Chess Club"]
[Date "2020.08.29"]
[Round "1"]
[White "mancogu"]
[Black "ChessStar22"]
[Result "0-1"]
[ICCResult "White resigns"]
[WhiteElo "1565"]
[BlackElo "1321"]
[Opening "Caro-Kann: two knights variation"]
[ECO "B10"]
[NIC "CK.01"]
[Time "11:02:21"]
[TimeControl "2700+10"]

1. e4 c6 2. Nf3 d5 3. Nc3 dxe4 4. Nxe4 Bf5 5. Ng3 Bg4 6. h3 Bxf3 7. Qxf3 Nf6
8. Bc4 e6 9. d3 Be7 10. O-O h6 11. a3 O-O 12. Bd2 Nbd7 13. Rfe1 a5 14. Bc3
Nb6 15. Ba2 Nbd5 16. Bd2 Bc5 17. Ne4 Nxe4 18. Rxe4 Nf6 19. Re2 Qd6 20. Bf4
Qd7 21. Be5 Bd4 22. Bxd4 Qxd4 23. c3 Qd6 24. d4 b5 25. Rae1 Rfe8 26. Bb1
Rad8 27. Re5 Nd7 28. R5e3 Nf6 29. Qe2 Nd5 30. Rg3 Qf4 31. Qc2 Qf5 32. Qd1
Qf6 33. Re4 e5 34. Qe1 Re6 35. Rxe5 Rde8 36. Rxe6 Rxe6 37. Qd2 Qf4 38. Qxf4
Re1+ 39. Kh2 Nxf4 40. Bf5 Re2 41. Re3 Rxe3 42. fxe3 g6 43. exf4 gxf5 44. Kg3
Kg7 45. Kf3 Kf6 46. g4 a4 47. h4 fxg4+ 48. Kxg4 Kg6 49. h5+ Kf6 50. Kg3 Kf5
51. Kf3 f6 52. Kg3 Ke4 53. Kg4 f5+ 54. Kg3 Kd3 55. Kf3 Kc2 56. Ke3 Kxb2 57.
Kd3 Kxa3 58. c4 bxc4+ 59. Kxc4 Kb2 60. Kc5 a3 61. Kxc6 a2 62. d5 a1=Q 63. d6
Qc1+ 64. Kd7 Qxf4 65. Ke8 Qe5+ 66. Kd7 Kc3 67. Kc7 Qc5+ 68. Kd7 Kd4 69. Ke7
Qe5+ {White resigns} 0-1

[Event "ICC tourney 1982 (45 10)"]
[Site "Internet Chess Club"]
[Date "2020.08.29"]
[Round "1"]
[White "flukutty"]
[Black "Eagle2020"]
[Result "0-1"]
[ICCResult "White checkmated"]
[WhiteElo "1311"]
[BlackElo "1597"]
[Opening "French: advance, Nimzovich system"]
[ECO "C02"]
[NIC "FR.03"]
[Time "11:02:20"]
[TimeControl "2700+10"]

1. e4 e6 2. d4 d5 3. e5 c5 4. Nf3 Nc6 5. c4 cxd4 6. Nxd4 Nxe5 7. cxd5 Qxd5
8. Nc3 Qd8 9. Bb5+ Bd7 10. O-O Nf6 11. Bf4 Ng6 12. Bg3 Be7 13. Qf3 Qb6 14.
Bxd7+ Nxd7 15. Ndb5 Rc8 16. Rab1 O-O 17. Rfd1 Nf6 18. Nd6 Rc6 19. Nde4 Nxe4
20. Qxe4 Rfc8 21. Rd3 h6 22. h4 Rc4 23. Qe2 Nxh4 24. Ne4 Nf5 25. b3 Rc2 26.
Qg4 Nxg3 27. Qxg3 Rxa2 28. Rd7 Qc6 29. Rxe7 Qxe4 30. Rd1 Qc2 31. Rdd7 Qc1+
32. Kh2 Ra1 33. Qg4 Qg1+ 34. Kg3 Rc3+ 35. f3 Ra2 36. Rxf7 Rxg2+ 37. Kf4
Rxg4+ 38. fxg4 Qe3# {White checkmated} 0-1